 Dungeon Crawl Stone Soup version 0.24.0-123-gd5b16e6ec5 (webtiles) character file.

Game seed: 927438223117989308, levelgen mode: deterministic

665 Descartes the Sneak (level 7, -4/35 HPs)
             Began as a Spriggan Wanderer on Jan 18, 2020.
             Was an Initiate of Gozag.
             Shot with an arrow by a centaur (10 damage)
             ... on level 5 of the Dungeon.
             The game lasted 00:11:00 (6723 turns).

Descartes the Sneak (Spriggan Wanderer)             Turns: 6723, Time: 00:11:01

Health: -4/35      AC:  2    Str:  8    XL:     7   Next: 31%
Magic:  3/14       EV: 19    Int: 17    God:    Gozag
Gold:   611        SH:  0    Dex: 14    Spells: 5/14 levels left

rFire    . . .     SeeInvis +   g - +1 short sword (elec)
rCold    . . .     Gourm    .   (shield restricted)
rNeg     . . .     Faith    .   d - +0 robe
rPois    .         Spirit   .   (helmet restricted)
rElec    .         Reflect  .   (no cloak)
rCorr    .         Harm     .   (gloves unavailable)
MR       +....                  (boots unavailable)
Stlth    +++.......             (no amulet)
HPRegen  0.11/turn              (no ring)
MPRegen  0.14/turn              (no ring)

@: very quick
A: very small, unfitting armour, see invisible, herbivore, speed 3, slow
metabolism 2
a: Potion Petition, Call Merchant, Bribe Branch, Renounce Religion


You were on level 5 of the Dungeon.
You worshipped Gozag.
Gozag was pleased with you.
You were not hungry.

You visited 2 branches of the dungeon, and saw 6 of its levels.

You collected 618 gold pieces.
You paid 7 gold pieces to Gozag.

Inventory:

Hand Weapons
 a - a +0 quarterstaff
 g - a +1 short sword of electrocution (weapon)
 t - a +2 dagger of venom
Missiles
 b - 81 arrows
 e - 101 stones (quivered)
 k - 7 bolts
 o - 40 sling bullets
 p - 4 boomerangs
Armour
 d - a +0 robe (worn)
Scrolls
 h - 2 scrolls of amnesia {unknown}
 i - 2 scrolls of teleportation {unknown}
 l - 4 scrolls of remove curse {unknown}
 m - 5 scrolls of identify
 n - 2 scrolls of magic mapping {unknown}
 q - a scroll of enchant armour {unknown}
 v - a scroll of fog {unknown}
Potions
 c - 2 potions of lignification
 j - 2 potions of haste
 r - 4 potions of heal wounds {unknown}
 s - a potion of curing {unknown}
 u - a potion of ambrosia {unknown}
Comestibles
 f - 8 rations


   Skills:
 + Level 2.6 Fighting
 - Level 0.3 Staves
 + Level 3.9 Dodging
 + Level 4.6 Stealth
   Level 1.0 Shields
 + Level 4.1 Spellcasting
 * Level 2.8 Conjurations
   Level 1.2 Hexes
 + Level 2.5 Translocations
 + Level 1.3 Fire Magic
 + Level 2.4 Air Magic
 + Level 1.4 Poison Magic


You had 5 spell levels left.
You knew the following spells:

 Your Spells              Type           Power        Failure   Level  Hunger
a - Magic Dart            Conj           ##..         4%          1    None
b - Blink                 Tloc           N/A          9%          2    ##.....
c - Mephitic Cloud        Conj/Pois/Air  ##......     19%         3    ###....
d - Conjure Flame         Conj/Fire      ##......     19%         3    ###....

Your spell library contained the following spells:

 Spells                   Type           Power        Failure   Level  Hunger
 Slow                     Hex            #.......     14%         2    ##.....
 Call Imp                 Summ           #.......     24%         2    ##.....


Dungeon Overview and Level Annotations

Branches:
Dungeon (5/15)             Temple (1/1) D:4

Altars:
Ashenzari
Cheibriados
Fedhas
Gozag
Hepliaklqana
Kikubaaqudgha
Makhleb
Ru
Sif Muna
Trog
Uskayaw
Vehumet
Xom
Yredelemnul
Zin
The Shining One


Innate Abilities, Weirdness & Mutations

You are very small and have problems with some larger weapons.
You are too small for most types of armour.
You have supernaturally acute eyesight. (SInv)
You are a herbivore.
You cover ground extremely quickly.
You need to consume almost no food.


Message History

Confirm with . or Enter, or press ? or * to list all spells.
Aiming: Magic Dart (safe; 4% risk of failure)
Press: ? - help, Shift-Dir - straight line, f/p - centaur
Aim: a centaur, wielding a +0 shortbow (severely wounded)
The magic dart hits the centaur.
The centaur is severely wounded.
The centaur shoots an arrow.
The arrow barely misses you.
The centaur shoots an arrow.
The arrow hits you.
Casting: Magic Dart (safe; 4% risk of failure)
Confirm with . or Enter, or press ? or * to list all spells.
Aiming: Magic Dart (safe; 4% risk of failure)
Press: ? - help, Shift-Dir - straight line, f/p - centaur
Aim: a centaur, wielding a +0 shortbow (severely wounded)
The magic dart hits the centaur.
The centaur is severely wounded.
The centaur shoots an arrow.
The arrow hits you.
* * * LOW HITPOINT WARNING * * *
The centaur shoots an arrow.
The arrow hits you!
You die...
Your body crumbles into a pile of gold.

.. #............#.........
.###..........####.......#
..........###.# #.......#
............#.####.....###
...........c..##...#####
.....................##.
.........................
#..##........#.....<..###
#..##.......###(@....##
#...#.......##..(....#
##..##......#..##(.!....
##.....#........#######.
......#.........#
####..##......#..# #
#...#......#### #
#.....#.......#
##....#.......##


You could see a centaur.

Vanquished Creatures
  A phantom (D:5)
  A centaur (D:5)
  2 ogres (D:4)
  A howler monkey (D:2)
  A hound (D:5)
  3 worker ants
  4 adders
  A shadow imp (D:5)
  An ooze (D:3)
  An adder zombie (D:5)
  4 worms
  5 dart slugs
  6 leopard geckos
  12 orcs
  4 bats
  6 giant cockroaches
  14 goblins
  11 hobgoblins
  12 kobolds
  2 quokkas (D:2)
  A ball python zombie (D:1)
  6 frilled lizards
  A jackal zombie (D:1)
  A quokka zombie (D:5)
  6 rats
107 creatures vanquished.

Notes
Turn   | Place    | Note
-------+----------+-------------------------------------------
     0 | D:1      | Descartes the Spriggan Wanderer began the quest for the
                  | Orb.
     0 | D:1      | Descartes set off with the following items: a +0
                  | quarterstaff, a potion of lignification, a +0 robe, a
                  | ration; and the following spell memorised: Magic Dart; and
                  | the following spells available to memorise: Slow, Blink,
                  | Call Imp, Mephitic Cloud, Conjure Flame
     0 | D:1      | Reached XP level 1. HP: 10/10 MP: 5/5
   314 | D:1      | Reached XP level 2. HP: 15/15 MP: 0/6
   830 | D:1      | Reached skill level 1 in Conjurations
   831 | D:1      | Reached XP level 3. HP: 17/18 MP: 8/8
  1704 | D:2      | Found a radiant altar of Vehumet.
  1704 | D:2      | Found a basalt altar of Yredelemnul.
  1705 | D:2      | Found a shimmering blue altar of Sif Muna.
  1709 | D:2      | Reached XP level 4. HP: 9/23 MP: 9/9
  2121 | D:2      | Found an opulent altar of Gozag.
  2129 | D:2      | Became a worshipper of Gozag Ym Sagoz the Greedy
  2444 | D:2      | Reached XP level 5. HP: 23/26 MP: 11/11
  2456 | D:2      | Learned a level 2 spell: Blink
  2460 | D:2      | Learned a level 3 spell: Mephitic Cloud
  2464 | D:2      | Learned a level 3 spell: Conjure Flame
  2466 | D:2      | Found a blossoming altar of Fedhas.
  3281 | D:2      | Found a glowing silver altar of Zin.
  3282 | D:2      | Noticed an angel
  4591 | D:3      | Reached skill level 1 in Translocations
  4984 | D:4      | Noticed an ogre
  5028 | D:4      | Killed an ogre
  5028 | D:4      | Reached XP level 6. HP: 13/31 MP: 3/12
  5246 | D:4      | Found a staircase to the Ecumenical Temple.
  5307 | Temple   | Entered the Ecumenical Temple
  5475 | D:4      | Reached skill level 1 in Fire Magic
  5475 | D:4      | Reached skill level 1 in Poison Magic
  5863 | D:4      | Found a hide-covered altar of Uskayaw.
  6108 | D:5      | Entered Level 5 of the Dungeon
  6173 | D:5      | Reached XP level 7. HP: 20/35 MP: 12/14
  6723 | D:5      | Shot with an arrow by a centaur

Levels and vault maps discovered:
D:1:      saegor_arrival_fortress, layout_basic
D:2:      layout_basic, zin_angel, fedhas_altar_2,
          chequers_temple_overflow_statue_of_worship, first_ration,
          grunt_ministairs_1, minmay_mini_jars
D:3:      layout_loops_ring, chequers_arboretum
D:4:      layout_gridville, old_standard_altar, minmay_temple_entry_butterflies
D:5:      minmay_octagon_keep, layout_cave_pools, lemuel_coloured_pillars_altar
Temple:   dpeg_three_leaves_temple

Skill      XL: |  1  2  3  4  5  6 |
---------------+-------------------+-----
Stealth        | 2 3 4 |  4.6
Dodging        | 2 3 |  3.9
Conjurations   | 1 2 |  2.8
Spellcasting   | 3 4 |  4.1
Fighting       | 2 |  2.6
Translocations | 1 2 |  2.5
Air Magic      | 2 |  2.4
Fire Magic     | 1 |  1.3
Poison Magic   | 1 |  1.4
Staves         | |  0.3
Shields        | |  1.0
Hexes          | |  1.2

Action                   |  1- 3 |  4- 6 |  7- 9 || total
-------------------------+-------+-------+-------++-------
Melee: Quarterstaff      |     7 |       |       ||     7
       Short sword       |    56 |   193 |    36 ||   285
 Cast: Magic Dart        |    18 |    19 |    29 ||    66
       Conjure Flame     |       |       |     2 ||     2
  Use: Scroll            |       |     1 |       ||     1
 Stab: Sleeping          |     4 |     9 |       ||    13
       Distracted        |     1 |     2 |       ||     3
  Eat: Ration            |       |     1 |     1 ||     2
Armor: Robe              |     8 |    11 |     3 ||    22
Dodge: Dodged            |    55 |   148 |    34 ||   237
